 Dungeon Crawl Stone Soup version 0.29.1-15-g9cfb28693d (webtiles) character file.

Game seed: 15853468032629431499

97 Heoruswealwe the Magician (level 4, -1/24 HPs)
             Began as a Deep Elf Earth Elementalist on Mar 24, 2023.
             Slain by a scorpion (4 damage)
             ... on level 3 of the Dungeon.
             The game lasted 00:18:09 (1826 turns).

Heoruswealwe the Magician (DEEE)                    Turns: 1826, Time: 00:18:12

Health: -1/24      AC:  3    Str:  5    XL:     4   Next: 42%
Magic:  7/12       EV: 12    Int: 22    God:
Gold:   91         SH:  0    Dex: 15    Spells: 6/12 levels left

rFire   . . .      SeeInvis .   (no weapon)
rCold   . . .      Faith    .   (no shield)
rNeg    . . .      Spirit   .   c - +0 robe
rPois   .          Reflect  .   k - +0 helmet
rElec   .          Harm     .   (no cloak)
rCorr   .          Rampage  .   (no gloves)
Will    .....                   (no boots)
Stlth   ++........              (no amulet)
HPRegen 0.08/turn               (no ring)
MPRegen 0.13/turn               (no ring)

@: fire susceptible
A: no striking features
a: no special abilities


You were on level 3 of the Dungeon.
You visited 1 branch of the dungeon, and saw 3 of its levels.

You collected 91 gold pieces.

Inventory:

Armour
 c - a +0 robe (worn)
 k - a +0 helmet (worn)
Wands
 o - a wand of polymorph (11)
Scrolls
 d - a scroll of enchant armour {unknown}
 e - a scroll of butterflies {unknown}
 f - a scroll of enchant weapon {unknown}
 g - a scroll of vulnerability {unknown}
 i - a scroll of identify {unknown}
 j - a scroll of immolation {unknown}
 l - 2 scrolls of blinking {unknown}
 m - a scroll of amnesia {unknown}
 r - a scroll of torment {unknown}
Potions
 a - 2 potions of lignification {unknown}
 b - a potion of magic
 h - a potion of cancellation {unknown}
 n - 3 potions of mutation {unknown}
 p - a potion of curing {unknown}
 q - a potion of attraction {unknown}


   Skills:
 - Level 2.4 Dodging
 - Level 2.4 Stealth
 * Level 4.7 Spellcasting
 + Level 2.2 Transmutations
 * Level 4.4 Earth Magic


You had 6 spell levels left.
You knew the following spells:

 Your Spells              Type           Power      Damage    Failure   Level
a - Sandblast             Erth           48%        2d12      1%          1
b - Stone Arrow           Conj/Erth      28%        3d8       13%         3
z - Passwall              Tmut/Erth      15%        N/A       4%          2

Your spell library contained the following spells:

 Spells                   Type           Power      Damage    Failure   Level
 Magic Dart               Conj           20%        1d4       11%         1
 Searing Ray              Conj           10%        2d4       16%         2
 Petrify                  Tmut/Erth      19%        N/A       26%         4
 Fulminant Prism          Conj/Hex       2%         3d6       71%         4


Dungeon Overview and Level Annotations

Branches:
Dungeon (3/15)

Altars:
Ignis

Shops:
D:3 :


Message History

The blast of sand hits the rat!
You kill the rat!
Found 12 gold pieces.
There is an entrance to Ejeowi's Vocational Training here.
A rat and a scorpion come into view.
Found 3 stones.
The blast of sand hits the scorpion.
The scorpion is moderately wounded.
The blast of sand hits the scorpion but does no damage.
The scorpion is moderately wounded.
The scorpion stings you but does no damage.
The blast of sand hits the scorpion but does no damage.
The scorpion is moderately wounded.
The scorpion completely misses you. The scorpion stings you.
The blast of sand hits the scorpion but does no damage.
The scorpion is moderately wounded.
The scorpion stings you. The rat barely misses you. The scorpion stings you.
The rat closely misses you.
You are too injured to fight recklessly!
Casting: Sandblast (safe; 1% risk of failure)
Confirm with . or Enter, or press ? or * to list all spells.
Aiming: Sandblast (safe; 1% risk of failure)
Press: ? - help, Shift-Dir - straight line, f/p - scorpion
Aim: a scorpion (moderately wounded, 83% to hit)
The blast of sand hits the scorpion but does no damage.
The scorpion is moderately wounded.
The scorpion stings you!
* * * LOW HITPOINT WARNING * * *
The rat bites you.
* * * LOW HITPOINT WARNING * * *
The scorpion barely misses you.
Casting: Sandblast (safe; 1% risk of failure)
Confirm with . or Enter, or press ? or * to list all spells.
Aiming: Sandblast (safe; 1% risk of failure)
Press: ? - help, Shift-Dir - straight line, f/p - scorpion
Aim: a scorpion (moderately wounded, 83% to hit)
The blast of sand hits the scorpion!
The scorpion is severely wounded.
The rat misses you. The scorpion stings you.
You die...

#. #...(...... .. .........#
#.#.........# #..#.......##
##.....$.....# #.#
##.............#######.#
.###......s...........#....
...#......@r...............
......⌠.⌠..................
#..#.......................
.#
###.....∩.........^.........
.#
............................
#.#
#.#####.⌠.⌠..................
..##..#
#......................
.##..#
####..###.............. .##.#
#....###....)....#....


You could see a scorpion and a rat.

Vanquished Creatures
  An orc priest (D:3)
  An adder (D:3)
  A worm (D:2)
  3 orcs (D:3)
  4 bats
  6 endoplasms
  3 giant cockroaches
  4 goblins
  8 hobgoblins
  7 ball pythons
  2 frilled lizards
  2 kobolds (D:2)
  7 rats
49 creatures vanquished.

Notes
Turn   | Place    | Note
-------+----------+-------------------------------------------
     0 | D:1      | Heoruswealwe the Deep Elf Earth Elementalist began the
                  | quest for the Orb.
     0 | D:1      | Reached XP level 1. HP: 10/10 MP: 6/6
   486 | D:1      | Reached XP level 2. HP: 15/15 MP: 5/8
   489 | D:1      | Learned a level 2 spell: Passwall
   904 | D:2      | Reached XP level 3. HP: 5/19 MP: 2/10
  1056 | D:2      | Learned a level 3 spell: Stone Arrow
  1650 | D:3      | Reached XP level 4. HP: 24/24 MP: 7/12
  1701 | D:3      | Found a faded altar of an unknown god.
  1705 | D:3      | Prayed at the altar of an unknown god.
  1705 | D:3      | Became a worshipper of Ignis, the Dying Flame
  1708 | D:3      | Fell from the grace of Ignis
  1809 | D:3      | Found Ejeowi's Vocational Training.
  1819 | D:3      | Noticed a scorpion
  1826 | D:3      | Slain by a scorpion

Illustrated notes

Levels and vault maps discovered:
D:1:      mrwooster_arrival_arrow, layout_basic
D:2:      layout_loops_ring, minmay_increasing_density
D:3:      layout_rooms, shapermc_ecumenical_altar_mp_vishouse,
          nicolae_shop_vocational

Skill      XL: |  1  2  3 |
---------------+----------+-----
Spellcasting   | 4 |  4.7
Earth Magic    | 4 |  4.4
Transmutations | 2 |  2.2
Dodging        | |  2.4
Stealth        | |  2.4

Action                   |  1- 3 |  4- 6 || total
-------------------------+-------+-------++-------
 Cast: Sandblast         |    49 |    14 ||    63
       Passwall          |     3 |       ||     3
Invok: Renounce Religion |       |     1 ||     1
Armor: Robe              |     6 |     1 ||     7
Dodge: Dodged            |     6 |     5 ||    11
